 Dungeon Crawl Stone Soup version 0.25-a0-246-g58704a1ebd (webtiles) character file.

Game seed: 6825830399935752560, levelgen mode: deterministic

32484 RedPan the Thaumaturge (level 13, -18/96 HPs)
             Began as a Green Draconian Ice Elementalist on Dec 3, 2019.
             Was a High Priest of Vehumet.
             Killed from afar by a fire dragon (42 damage)
             ... with a blast of flame
             ... on level 6 of the Lair of Beasts.
             The game lasted 01:17:42 (24829 turns).

RedPan the Thaumaturge (DrIE)                      Turns: 24829, Time: 01:17:43

Health: -18/96     AC: 15    Str: 19    XL:     13   Next: 31%
Magic:  9/27       EV: 17    Int: 21    God:    Vehumet [*****.]
Gold:   459        SH:  6    Dex: 13    Spells: 5/32 levels left

rFire    . . .     SeeInvis .   N - +4 scimitar of Symmetry {slice, Str+7}
rCold    + . .     Gourm    .   v - +1 buckler
rNeg     . . .     Faith    .   (armour unavailable)
rPois    +         Spirit   .   (helmet restricted)
rElec    .         Reflect  .   F - +1 cloak
rCorr    .         Harm     .   O - +2 pair of gloves
MR       .....                  k - +1 pair of boots
Stlth    ++........             l - amulet of the acrobat
HPRegen  0.26/turn              K - ring of protection from cold
MPRegen  0.20/turn              j - +3 ring of intelligence

@: studying Staves
A: breathe noxious fumes, unfitting armour, poison resistance, cold-blooded, AC
+8
a: Breathe Noxious Fumes, Renounce Religion


You were on level 6 of the Lair of Beasts.
You worshipped Vehumet.
Vehumet was extremely pleased with you.
You were not hungry.

You visited 3 branches of the dungeon, and saw 18 of its levels.
You visited 1 bazaar.

You collected 1074 gold pieces.
You spent 615 gold pieces at shops.

Inventory:

Hand Weapons
 x - a +2 whip of flaming
 N - the +4 scimitar of Symmetry (weapon) {slice, Str+7}
   (You bought it in a shop in a bazaar)

   It inflicts extra damage upon your enemies.
   It affects your strength (+7).
Armour
 k - a +1 pair of boots (worn)
 v - a +1 buckler (worn)
 F - a +1 cloak (worn)
 O - a +2 pair of gloves (worn)
Jewellery
 j - a +3 ring of intelligence (right hand)
 l - an amulet of the acrobat (around neck)
 n - an uncursed ring of flight
 K - a ring of protection from cold (left hand)
 M - an uncursed ring of see invisible
Wands
 d - a wand of digging (22)
 e - a wand of disintegration (11)
 p - a wand of clouds (3)
 r - a wand of polymorph (10)
 t - a wand of flame (60)
 w - a wand of random effects (14)
 z - a wand of iceblast (16)
 H - a wand of acid (13)
 I - a wand of paralysis (17)
Scrolls
 a - 5 scrolls of remove curse
 c - 2 scrolls of blinking
 i - 3 scrolls of fog
 s - 2 scrolls of immolation
 y - 9 scrolls of identify
 A - a scroll of enchant armour
 E - 2 scrolls of fear
 J - 6 scrolls of teleportation
 L - 3 scrolls of enchant weapon
 Q - a scroll of amnesia
Potions
 f - a potion of cancellation
 g - 4 potions of curing
 h - 2 potions of lignification
 m - a potion of heal wounds
 o - a potion of agility
 q - 6 potions of brilliance
 u - 3 potions of mutation
 B - a potion of magic
 C - a potion of berserk rage
 D - a potion of might
 P - 2 potions of flight
Books
 G - a manual of Staves
Comestibles
 b - 45 rations


   Skills:
 - Level 4.0 Fighting
 + Level 7.6 Long Blades
 + Level 9.1 Dodging
 - Level 2.0 Stealth
 - Level 4.2 Shields
 - Level 10.0 Spellcasting
 - Level 8.0 Conjurations
 - Level 7.0 Summonings
 - Level 8.0 Fire Magic
 - Level 7.0 Ice Magic
 + Level 3.8 Air Magic
 - Level 4.0 Poison Magic


You had 5 spell levels left.
You knew the following spells:

 Your Spells              Type           Power        Failure   Level  Hunger
a - Freeze                Ice            ####         1%          1    None
b - Summon Ice Beast      Ice/Summ       #####...     3%          4    ##.....
c - Hailstorm             Conj/Ice       #####...     1%          4    ##.....
d - Mephitic Cloud        Conj/Pois/Air  ####....     1%          3    None
e - Fireball              Conj/Fire      #####.....   1%          5    ####...
f - Iron Shot             Conj/Erth      ####......   41%         6    ######.
g - Summon Lightning Spi  Summ/Air       ####....     7%          4    ##.....

Your spell library contained the following spells:

 Spells                   Type           Power        Failure   Level  Hunger
 Iskenderun's Mystic Bla  Conj/Tloc      ####....     3%          4    ##.....
 Foxfire                  Conj/Fire      ####         1%          1    None
 Summon Small Mammal      Summ           ####         1%          1    None
 Call Imp                 Summ           #####...     1%          2    None
 Poisonous Vapours        Pois/Air       ####..       1%          2    None
 Call Canine Familiar     Summ           #####...     1%          3    None
 Conjure Flame            Conj/Fire      #####...     1%          3    None
 Ignite Poison            Fire/Tmut/Pois ####....     1%          3    None
 Inner Flame              Hex/Fire       ####....     1%          3    None
 Sticky Flame             Conj/Fire      #####...     1%          4    ##.....
 Sting                    Tmut/Pois      ###.         2%          1    None
 Olgreb's Toxic Radiance  Pois           ####....     3%          4    ##.....
 Ozocubu's Armour         Chrm/Ice       ####....     4%          3    None
 Summon Guardian Golem    Hex/Summ       ####....     4%          3    None


Dungeon Overview and Level Annotations

Branches:
Dungeon (11/15)            Temple (1/1) D:7            Lair (6/6) D:10
  Swamp (0/4) Lair:3        Snake (0/4) Lair:2        Slime (0/5) Lair:5
    Orc (0/2) D:11

Altars:
Ashenzari
Cheibriados
Dithmenos
Elyvilon
Fedhas
Gozag
Hepliaklqana
Kikubaaqudgha
Makhleb
Nemelex Xobeh
Okawaru
Qazlal
Ru
Sif Muna
Trog
Uskayaw
Vehumet
Wu Jian
Xom
Yredelemnul
Zin
The Shining One

Shops:
D:7 }[!*=   D:10 ?

Annotations:
D:8 3 runed translucent doors, Thargor's ghost, novice GnEE
Lair:3 3 runed translucent doors, Qann's ghost, journeyman HuNe
Lair:5 3 runed translucent doors, exclusion: 2 oklob plants, seandewar5's ghost, journeyman DEWz


Innate Abilities, Weirdness & Mutations

You can breathe blasts of noxious fumes.
Your lurid green scales are hard. (AC +8)
You cannot fit into any form of body armour.
Your system is resistant to poisons. (rPois)
You are cold-blooded and may be slowed by cold attacks.


Message History

The fire dragon claws your lightning spire but does no damage.
The fire dragon barely misses your lightning spire.
Your ice beast hits the fire dragon.
Your ice beast freezes the fire dragon!
The fire dragon is frozen!
You hit the fire dragon.
You tail-slap the fire dragon, but do no damage.
The fire dragon is almost dead.
Your ice beast barely misses the fire dragon.
The fire dragon bites you!
* * * LOW HITPOINT WARNING * * *
You block the fire dragon's attack.
The fire dragon tramples you but does no damage.
Your ice beast barely misses the fire dragon.
You closely miss the fire dragon.
You tail-slap the fire dragon, but do no damage.
The fire dragon is almost dead.
Your ice beast hits the fire dragon but does no damage.
The fire dragon breathes flames at you. The blast of flame hits you!!!
You die...

#
#......#≈≈#......#≈§≈≈##......
#
#8#8##.##≈≈##....##≈≈≈#........
# ####
###≈≈§§##''##≈≈≈.........#
#≈≈#≈≈..≈≈§≈#......#### #
#≈##≈≈..≈≈≈§......## # ##
###..≈..###..#..8#8# ## .#
##.....YY.#..##8#######. .#
##......D8.#.≈≈### ###.. .# #
#8......@....#≈≈# #.... .# ##≈#
###.........##≈≈≈# #.... ##
#§§§≈ #8.........8##≈≈§# ##.P.
# #≈≈≈###........## §#§# #..#
## #§≈.......#8#.# ≈#≈≈≈ ####
.## #.≈≈≈....###### ≈# ≈# ###.
..#### ###≈≈≈≈.## ###...
.....### ###≈§≈§≈≈§≈§# ###.....
.......#######≈≈#≈≈#≈≈
##.......


You could see a fire dragon, 2 friendly ice beasts and a friendly lightning
spire.

Vanquished Creatures
  A two-headed ogre (D:8)
  2 death yaks (Lair:6)
  Nergalle (D:10)
  A fire crab (Lair:6)
  An unseen horror (D:11)
  A salamander (shapeshifter) (D:10)
  2 black mambas
  3 elephants (Lair:6)
  2 spiny frogs
  A torpor snail (Lair:2)
  3 komodo dragons
  2 rime drakes
  A queen bee (Lair:1)
  2 blink frogs
  A hippogriff (Lair:2)
  A human (D:7)
  A wraith (D:11)
  7 yaks
  2 nagas (Lair:2)
  5 water moccasins
  3 porcupines
  An orc warrior (D:11)
  An ice beast (D:9)
  4 phantoms
  3 ogres
  A crocodile (Lair:6)
  3 centaurs
  A big kobold (D:8)
  9 bullfrogs
  Dowan (D:7)
  3 scorpions
  A water moccasin skeleton (D:11)
  24 killer bees
  A howler monkey (D:7)
  3 electric eels
  2 crimson imps (D:7)
  5 lava snakes (Lair:6)
  A hound (D:5)
  2 orc priests
  2 centaur skeletons
  A centaur zombie (D:5)
  A jelly (D:7)
  5 orc wizards
  A hell rat (Lair:5)
  2 iguanas (D:10)
  6 worker ants
  2 hound zombies
  2 hound skeletons
  A worker ant zombie (D:5)
  A howler monkey skeleton (D:7)
  6 adders
  A river rat (Lair:5)
  A shadow imp (D:8)
  4 oozes
  An adder zombie (D:3)
  5 adder skeletons
  5 worms
  3 dart slugs
  4 leopard geckos
  15 orcs
  2 ball pythons (D:2)
  3 giant cockroaches
  5 goblins
  9 hobgoblins
  14 jackals
  2 quokkas
  4 bats
  3 frilled lizards
  11 kobolds
  A leopard gecko zombie (D:9)
  A quokka skeleton (D:8)
  7 rats
240 creatures vanquished.

Vanquished Creatures (collateral kills)
  Erolcha (D:9)
  Harold (D:8)
  A catoblepas (Lair:3)
  4 hydras
  3 death yaks (Lair:6)
  4 two-headed ogres
  Pikel (D:6)
  A cyclops (D:11)
  3 elephants (Lair:6)
  5 black mambas
  2 molten gargoyles (Lair:6)
  A torpor snail (Lair:6)
  2 spiny frogs
  A gargoyle (D:11)
  2 rime drakes
  13 komodo dragons
  3 trolls
  A hornet (D:8)
  5 hippogriffs
  Prince Ribbit (D:9)
  17 blink frogs
  Grinder (D:6)
  2 bog bodies (Lair:3)
  A wyvern (Lair:6)
  24 yaks
  3 basilisks
  A fire elemental (Lair:3)
  A hog (D:7)
  A hungry ghost (D:7)
  A steam dragon (Lair:6)
  Edmund (D:6)
  Menkaure (D:5)
  A naga (Lair:2)
  Duvessa (D:7)
  4 hell hounds
  10 water moccasins
  8 porcupines
  3 ice beasts
  4 slaves (D:6)
  An eye of draining (D:11)
  2 ogres
  3 orc warriors
  A black bear (Lair:4)
  3 centaurs
  5 wolves (Lair:2)
  4 crocodiles
  7 bullfrogs
  A scorpion (D:7)
  12 killer bees
  7 electric eels
  A lava snake (Lair:4)
  5 jellies
  4 hounds
  An orc priest (D:8)
  6 orc wizards
  A centaur skeleton (D:6)
  An iguana (D:9)
  3 worker ants
  A hell rat (Lair:5)
  A howler monkey skeleton (D:7)
  3 adders
  5 river rats (Lair:5)
  An ooze (Lair:5)
  An adder skeleton (D:7)
  A leopard gecko (D:8)
  17 orcs
  4 kobolds (D:8)
  A fungus (Lair:5)
243 creatures vanquished.

Vanquished Creatures (others)
  14 fungi
  11 plants
25 creatures vanquished.

Grand Total: 508 creatures vanquished

Notes
Turn   | Place    | Note
-------+----------+-------------------------------------------
     0 | D:1      | RedPan the Draconian Ice Elementalist began the quest for
                  | the Orb.
     0 | D:1      | Reached XP level 1. HP: 14/14 MP: 3/3
   101 | D:1      | Reached XP level 2. HP: 18/20 MP: 0/5
   196 | D:1      | You fall into a shaft and drop 1 floor!
   752 | D:1      | Reached XP level 3. HP: 14/26 MP: 2/6
  1526 | D:2      | Reached skill level 3 in Spellcasting
  1611 | D:2      | Reached XP level 4. HP: 33/33 MP: 6/8
  1644 | D:2      | Learned a level 4 spell: Summon Ice Beast
  3133 | D:4      | Reached skill level 1 in Summonings
  3229 | D:4      | Reached skill level 5 in Ice Magic
  3286 | D:4      | Found a shadowy altar of Dithmenos.
  3583 | D:4      | Reached XP level 5. HP: 34/38 MP: 6/10
  3743 | D:5      | Entered Level 5 of the Dungeon
  3751 | D:5      | Noticed an ice beast
  3802 | D:5      | Noticed an ogre
  3808 | D:5      | Killed an ogre
  3808 | D:5      | Reached XP level 6. HP: 41/45 MP: 2/11
  3837 | D:5      | Found a sparkling altar of Nemelex Xobeh.
  3849 | D:5      | Noticed Menkaure
  3886 | D:5      | Killed Menkaure
  3886 | D:5      | Reached skill level 4 in Spellcasting
  4759 | D:5      | HP: 2/45 [ice beast (8)]
  4772 | D:5      | Killed an ice beast
  4772 | D:5      | Your scales start taking on a lurid green colour.
  4772 | D:5      | Reached XP level 7. HP: 4/50 MP: 4/13
  4772 | D:5      | Gained mutation: Your system is resistant to poisons.
                  | (rPois) [Green Draconian growth]
  5287 | D:6      | Noticed Edmund
  5297 | D:6      | Killed Edmund
  5412 | D:6      | You fall into a shaft and drop 2 floors!
  5679 | D:7      | Reached skill level 5 in Spellcasting
  5707 | D:7      | Noticed Duvessa
  5896 | D:7      | Found Eqefaf's Jewellery Emporium.
  6054 | D:6      | Noticed Pikel
  6113 | D:6      | Learned a level 4 spell: Hailstorm
  6215 | D:6      | Reached XP level 8. HP: 57/57 MP: 13/16
  6487 | D:6      | Reached skill level 5 in Summonings
  6522 | D:6      | Reached skill level 1 in Conjurations
  6551 | D:6      | Noticed Grinder
  6568 | D:6      | Reached skill level 1 in Fighting
  6591 | D:6      | Killed Grinder
  6978 | D:6      | Killed Pikel
  6978 | D:6      | Reached skill level 6 in Spellcasting
  7227 | D:6      | Found a shattered altar of Ashenzari.
  7280 | D:7      | Found a staircase to the Ecumenical Temple.
  7316 | Temple   | Entered the Ecumenical Temple
  7411 | Temple   | Became a worshipper of Vehumet
  7478 | D:7      | Found Faplim Tiza's Distillery.
  7484 | D:7      | Bought a potion of degeneration for 14 gold pieces
  7484 | D:7      | Bought a potion of berserk rage for 70 gold pieces
  7484 | D:7      | Bought a potion of might for 56 gold pieces
  7751 | D:7      | Reached XP level 9. HP: 55/70 MP: 11/18
  8238 | D:7      | Found Jowaun's Gadget Shoppe.
  8469 | D:7      | Found Hiliod's Armour Boutique.
  8474 | D:7      | Bought a +0 pair of boots for 49 gold pieces
  8534 | D:7      | Found Holiure's General Store.
  8607 | D:7      | Noticed Dowan
  8617 | D:7      | Killed Duvessa
  8634 | D:7      | Killed Dowan
  8800 | D:8      | Reached * piety under Vehumet
  8800 | D:8      | Offered knowledge of Magic Dart by Vehumet.
  8800 | D:8      | Reached skill level 7 in Spellcasting
  8951 | D:8      | Reached skill level 1 in Shields
  9090 | D:8      | Noticed Harold
  9128 | D:8      | Noticed Thargor's ghost (novice GnEE)
  9400 | D:8      | Noticed a two-headed ogre
  9410 | D:8      | Killed a two-headed ogre
  9540 | D:8      | Killed Harold
  9540 | D:8      | Reached skill level 5 in Conjurations
  9540 | D:8      | Reached XP level 10. HP: 38/78 MP: 6/21
  9681 | D:8      | Found a runed translucent gate.
  9681 | D:8      | Found a runed translucent gate.
  9682 | D:8      | Found a runed translucent gate.
 10123 | D:9      | Offered knowledge of Shock by Vehumet.
 10142 | D:9      | Reached ** piety under Vehumet
 10181 | D:9      | Noticed Erolcha
 10181 | D:9      | Noticed a two-headed ogre
 10333 | D:9      | Noticed a two-headed ogre
 10344 | D:9      | Killed a two-headed ogre
 10479 | D:9      | Killed a two-headed ogre
 10600 | D:9      | Reached skill level 8 in Spellcasting
 10864 | D:9      | Killed Erolcha
 10873 | D:9      | Learned a level 3 spell: Mephitic Cloud
 10879 | D:9      | Learned a level 5 spell: Fireball
 10922 | D:9      | Noticed Prince Ribbit
 10943 | D:9      | Killed Prince Ribbit
 11070 | D:9      | Reached skill level 1 in Poison Magic
 11078 | D:9      | Reached skill level 1 in Air Magic
 11087 | D:9      | Reached skill level 5 in Dodging
 11087 | D:9      | Reached skill level 1 in Fire Magic
 11371 | D:10     | Entered Level 10 of the Dungeon
 11377 | D:10     | Found a staircase to the Lair.
 11379 | D:10     | Noticed a salamander
 11379 | D:10     | a tarantella changed into a salamander
 11386 | D:10     | Killed a salamander
 12075 | D:10     | Noticed Nergalle
 12092 | D:10     | Killed Nergalle
 12092 | D:10     | Reached XP level 11. HP: 35/84 MP: 12/23
 12336 | D:10     | Offered knowledge of Static Discharge by Vehumet.
 12561 | D:10     | Found Yzenlesa's Magic Scroll Shop.
 12577 | D:10     | Bought a scroll of enchant weapon for 105 gold pieces
 12791 | D:10     | Noticed a two-headed ogre
 12799 | D:10     | Killed a two-headed ogre
 13102 | D:11     | Reached *** piety under Vehumet
 13134 | D:11     | Found a flickering gateway to a bazaar.
 13150 | Bazaar   | Entered a bazaar
 13152 | Bazaar   | Found Pejicwej's General Store.
 13156 | Bazaar   | Found Piysost's Gadget Boutique.
 13156 | Bazaar   | Found Biuziw's Antique Weapon Boutique.
 13157 | Bazaar   | Found Raiggokh's Jewellery Boutique.
 13180 | Bazaar   | Bought an uncursed ring of see invisible for 150 gold
                  | pieces
 13188 | Bazaar   | Bought an iridescent scimitar for 171 gold pieces
 13188 | Bazaar   | Identified the +4 scimitar of Symmetry {slice, Str+7} (You
                  | bought it in a shop in a bazaar)
 13347 | D:11     | Found a staircase to the Orcish Mines.
 13760 | D:11     | Reached skill level 1 in Long Blades
 13855 | D:11     | Noticed a two-headed ogre
 13867 | D:11     | Killed a two-headed ogre
 13867 | D:11     | Offered knowledge of Airstrike by Vehumet.
 14348 | D:11     | Noticed an unseen horror
 14367 | D:11     | Killed an unseen horror
 14742 | Lair:1   | Entered Level 1 of the Lair of Beasts
 14779 | Lair:1   | Reached skill level 9 in Spellcasting
 15349 | Lair:1   | Reached **** piety under Vehumet
 15365 | Lair:1   | Offered knowledge of Irradiate by Vehumet.
 16011 | Lair:2   | Found a staircase to the Snake Pit.
 16142 | Lair:2   | Noticed a seven-headed hydra
 16150 | Lair:2   | Killed a seven-headed hydra
 16278 | Lair:2   | Found a snail-covered altar of Cheibriados.
 16319 | Lair:2   | Reached XP level 12. HP: 56/91 MP: 17/25
 17405 | Lair:3   | Reached skill level 5 in Fire Magic
 17755 | Lair:3   | Noticed a catoblepas
 17777 | Lair:3   | Killed a catoblepas
 18171 | Lair:3   | Found a staircase to the Swamp.
 18490 | Lair:3   | Noticed Qann's ghost (journeyman HuNe)
 18494 | Lair:3   | Noticed a six-headed hydra
 18508 | Lair:3   | Found a runed translucent gate.
 18512 | Lair:3   | Found a runed translucent gate.
 18512 | Lair:3   | Found a runed translucent gate.
 18512 | Lair:3   | Noticed a death yak
 19008 | Lair:4   | Noticed a four-headed hydra
 19015 | Lair:4   | Killed a four-headed hydra
 19630 | Lair:4   | Reached skill level 5 in Long Blades
 20573 | Lair:5   | Found a runed translucent gate.
 20573 | Lair:5   | Found a runed translucent gate.
 20573 | Lair:5   | Found a runed translucent gate.
 20574 | Lair:5   | Noticed a ten-headed hydra
 20574 | Lair:5   | Noticed an 11-headed hydra
 20574 | Lair:5   | Noticed a 14-headed hydra
 20574 | Lair:5   | Noticed seandewar5's ghost (journeyman DEWz)
 20582 | Lair:5   | Reached ***** piety under Vehumet
 20592 | Lair:5   | Reached skill level 10 in Spellcasting
 20667 | Lair:5   | Offered knowledge of Iron Shot by Vehumet.
 20793 | Lair:5   | Found a staircase to the Slime Pits.
 21288 | Lair:6   | Entered Level 6 of the Lair of Beasts
 21360 | Lair:6   | Noticed a death yak
 21396 | Lair:6   | Killed a death yak
 21590 | Lair:6   | Noticed a death yak
 21621 | Lair:6   | Killed a death yak
 21701 | Lair:6   | Noticed a death yak
 21729 | Lair:6   | Killed a death yak
 21803 | Lair:6   | Noticed a death yak
 21827 | Lair:6   | Noticed a death yak
 21834 | Lair:6   | Killed a death yak
 21839 | Lair:6   | Killed a death yak
 22170 | Lair:6   | Learned a level 6 spell: Iron Shot
 22175 | Lair:6   | Learned a level 4 spell: Summon Lightning Spire
 22229 | Lair:6   | Noticed an eight-headed hydra
 22238 | Lair:6   | Killed an eight-headed hydra
 22238 | Lair:6   | Reached XP level 13. HP: 96/96 MP: 2/27
 23295 | Lair:6   | HP: 1/96 [komodo dragon (25)]
 24546 | Lair:6   | Found the +6 arbalest "Damnation" {damnation}
 24548 | Lair:6   | Found a large runed translucent door.
 24548 | Lair:6   | Found a large runed translucent door.
 24642 | Lair:6   | Noticed a fire dragon
 24697 | Lair:6   | Offered knowledge of Iskenderun's Mystic Blast by Vehumet.
 24829 | Lair:6   | Killed from afar by a fire dragon

Levels and vault maps discovered:
D:1:      dpeg_arrival_stonehenge_8_columns, layout_basic, minmay_bisected
D:2:      layout_basic
D:3:      layout_basic, first_ration, corexii_item_surrounded_by_moat
D:4:      layout_gridville, nicolae_dithmenos_the_darkroom
D:5:      layout_rooms, nemelex_dance_club_becter, uniq_menkaure
D:6:      minmay_recursive_quarters, layout_basic, kennysheep_mini,
          supply_closet_lemuel, nrook_mini_backslash, uniq_pikel, uniq_edmund,
          uniq_grinder
D:7:      layout_basic, minmay_temple_entry_ruins, serial_shops, shop, shop,
          shop, shop, shop, minmay_misc_feat_ornament, grunt_livestock,
          minmay_misc_feat_rows, grunt_ministairs_6, kennysheep_nondescript,
          uniq_duvessa
D:8:      layout_rooms, gammafunk_ghost_split, minmay_manual_maat, uniq_harold
D:9:      layout_loops_ring, uniq_erolcha, uniq_prince_ribbit1
D:10:     layout_gridville, lair_entry_dummy, serial_shops, shop_scrolls,
          uniq_nergalle
D:11:     layout_roguey, david_orc_2, serial_shops, bzr_entry_lakeside,
          kennysheep_generic_room_16
Temple:   grunt_wide_crystal_templ
Lair:1:   layout_cave_shapes, special_room [special_room_bee],
          infiniplex_staircase_pool, grunt_megastairs_4, serial_bayou_shore_b
Lair:2:   layout_gridlike, guppyfry_snake_entry_island,
          chequers_serial_rivers_large_a, kennysheep_snail_temple
Lair:3:   layout_gridlike, skrybe_swamp_entry_bodies, gammafunk_ghost_split
Lair:4:   layout_gridlike, wad_woods_road_05, lemuel_fruit_tree,
          serial_bayou_shore_b, serial_bayou_shore_a
Lair:5:   layout_long_grid, nicolae_slime_entry_slimehenge,
          gammafunk_ghost_hydra_chop, kennysheep_rathole,
          minmay_lair_oklob_chamber
Lair:6:   cheibrodos_lair_end_hotspot, layout_gridlike, enter_volcano_2

Skill      XL: |  1  2  3  4  5  6  7  8  9 10 11 12 13 |
---------------+----------------------------------------+-----
Stealth        | 2 |  2.0
Dodging        | 2 3 5 6 8 9 |  9.1
Spellcasting   | 3 4 5 6 7 8 9 10 | 10.0
Summonings     | 1 2 3 4 6 7 |  7.0
Ice Magic      | 5 6 7 |  7.0
Conjurations   | 3 5 6 8 |  8.0
Fighting       | 3 4 |  4.0
Shields        | 2 4 |  4.2
Poison Magic   | 2 4 |  4.0
Air Magic      | 2 3 |  3.8
Fire Magic     | 2 4 7 8 |  8.0
Long Blades    | 3 6 7 |  7.6

Action                   |  1- 3 |  4- 6 |  7- 9 | 10-12 | 13-15 || total
-------------------------+-------+-------+-------+-------+-------++-------
Melee: Short sword       |    50 |    16 |    83 |       |       ||   149
       Unarmed           |     1 |       |       |       |       ||     1
       Tailslap          |     6 |    17 |    32 |    71 |    12 ||   138
       Spear             |       |   103 |    73 |       |       ||   176
       Trident           |       |    22 |       |       |       ||    22
       Whip              |       |       |   105 |   158 |       ||   263
       Scimitar          |       |       |       |   285 |    62 ||   347
 Cast: Freeze            |    43 |    57 |    69 |   124 |    11 ||   304
       Summon Ice Beast  |       |     5 |    53 |   255 |    73 ||   386
       Fireball          |       |       |       |     1 |       ||     1
       Mephitic Cloud    |       |       |       |     5 |       ||     5
       Summon Lightning  |       |       |       |     1 |     4 ||     5
  Use: Scroll            |     4 |     5 |     9 |     8 |     1 ||    27
       Potion            |       |     3 |     3 |     2 |     3 ||    11
 Stab: Sleeping          |     3 |    11 |     5 |       |       ||    19
       Distracted        |       |       |     1 |     8 |     2 ||    11
  Eat: Chunk             |     3 |     7 |    19 |    43 |     5 ||    77
       Ration            |       |     1 |     1 |     4 |     2 ||     8
Armor: Skin              |    16 |    62 |    91 |   158 |    18 ||   345
Dodge: Dodged            |    60 |   103 |   195 |   419 |    68 ||   845
Block: Buckler           |       |       |     9 |   120 |    20 ||   149
       Rpst.: Scimitar   |       |       |       |    59 |    15 ||    74

Table legend:
 A = Non-vault XP
 B = Vault XP
 C = Vault XP percentage of total XP
 D = Non-vault monster count
 E = Vault monster count
 F = Vault count percentage of total count
                 A         B        C        D         E       F
            +---------+---------+-------+---------+---------+-------
      Total |   33491 |   12915 |  27.8 |     365 |     113 |  23.6
            +---------+---------+-------+---------+---------+-------
        D:1 |      36 |       6 |  14.3 |      20 |       4 |  16.7
        D:2 |      71 |       0 |   0.0 |      21 |       0 |   0.0
        D:3 |      45 |       0 |   0.0 |      16 |       0 |   0.0
        D:4 |     162 |       0 |   0.0 |       8 |       0 |   0.0
        D:5 |     398 |     154 |  27.9 |      17 |       3 |  15.0
        D:6 |     589 |     753 |  56.1 |      23 |       7 |  23.3
        D:7 |     756 |     953 |  55.8 |      21 |       8 |  27.6
        D:8 |     924 |     816 |  46.9 |      17 |       7 |  29.2
        D:9 |    3191 |     748 |  19.0 |      30 |       2 |   6.2
       D:10 |    2729 |     517 |  15.9 |      31 |       1 |   3.1
       D:11 |    3181 |     867 |  21.4 |      31 |       7 |  18.4
     Lair:1 |    1309 |    1650 |  55.8 |       8 |      25 |  75.8
     Lair:2 |    1963 |     762 |  28.0 |      15 |       4 |  21.1
     Lair:3 |    2346 |     249 |   9.6 |      14 |       2 |  12.5
     Lair:4 |    3738 |       0 |   0.0 |      30 |       0 |   0.0
     Lair:5 |    2970 |     283 |   8.7 |      24 |      17 |  41.5
     Lair:6 |    9083 |    5157 |  36.2 |      39 |      26 |  40.0
            +---------+---------+-------+---------+---------+-------
